 Dungeon Crawl Stone Soup version 0.29.1-15-g9cfb28693d (webtiles) character file.

Game seed: 7384342995129894733

9 HOAXBANE2 the Charlatan (level 2, -1/14 HPs)
             Began as a Spriggan Artificer on Mar 28, 2023.
             Killed from afar by Natasha (8 damage)
             ... with a magic dart
             ... on level 2 of the Dungeon.
             The game lasted 00:04:01 (1061 turns).

HOAXBANE2 the Charlatan (Spriggan Artificer)        Turns: 1061, Time: 00:04:01

Health: -1/14      AC:  2    Str:  8    XL:     2   Next: 6%
Magic:  3/3        EV: 17    Int: 12    God:
Gold:   43         SH:  5    Dex: 15    Spells: 1/1 levels left

rFire   . . .      SeeInvis +   i - +0 spear
rCold   . . .      Faith    .   g - +0 buckler
rNeg    . . .      Spirit   .   b - +0 robe
rPois   +          Reflect  .   (helmet restricted)
rElec   .          Harm     .   (no cloak)
rCorr   .          Rampage  .   (gloves unavailable)
Will    .....                   (boots unavailable)
Stlth   ++........              (no amulet)
HPRegen 0.04/turn               m - ring of poison resistance
MPRegen 0.08/turn               (no ring)

@: very quick
A: very small, no large weapons, unfitting armour, see invisible, speed 3
a: no special abilities


You were on level 2 of the Dungeon.
You visited 1 branch of the dungeon, and saw 2 of its levels.

You collected 43 gold pieces.

Inventory:

Hand Weapons
 i - a +0 spear (weapon)
Armour
 b - a +0 robe (worn)
 g - a +0 buckler (worn)
Jewellery
 m - a ring of poison resistance (left hand)
Wands
 c - a wand of flame (15) (quivered)
 d - a wand of charming (15)
 e - a wand of iceblast (5)
Scrolls
 j - a scroll of noise {unknown}
 l - a scroll of teleportation {unknown}
 n - a scroll of vulnerability {unknown}
Potions
 a - a potion of brilliance {unknown}
 f - a potion of resistance {unknown}
 h - a potion of degeneration {unknown}
 k - 3 potions of mutation {unknown}


   Skills:
 - Level 1.0 Fighting
 + Level 3.9 Dodging
 - Level 2.0 Stealth
 - Level 4.0 Evocations


You had one spell level left.
You didn't know any spells.
Your spell library contained the following spells:

 Spells                   Type           Power      Damage    Failure   Level
 Blink                    Tloc           0%         N/A       73%         2
 Lesser Beckoning         Tloc           0%         N/A       91%         3
 Manifold Assault         Tloc           0%         N/A       100%        5
 Malign Gateway           Summ/Tloc      0%         N/A       100%        7
 Summon Horrible Things   Summ           0%         N/A       100%        8


Dungeon Overview and Level Annotations

Branches:
Dungeon (2/15)

Altars:

Annotations:
D:2 Natasha


Innate Abilities, Weirdness & Mutations

You are very small and have problems with some larger weapons.
You are too small for most types of armour.
You have supernaturally acute eyesight. (SInv)
You cover ground extremely quickly. (Speed+++)


Message History

You open the door. You block the giant cockroach's attack.
There is an open door here.
You reach to attack!
You hit the giant cockroach.
You kill the giant cockroach!
There is an open door here.
You see here a giant cockroach corpse.
n - a scroll labelled SOPSIE FAOZ
k - 3 bubbling purple potions (gained 1)
Found a whip.
Found a leather armour.
You see here a +0 leather armour.
There is an open door here.
You see here a +0 leather armour.
There is a stone staircase leading down here.
You open the door. You open the door.
There is an open door here.
Done exploring.
Done exploring.
Done exploring.
Search for what [? for help]? .
Unknown command.
There is an open door here.
There is a stone staircase leading down here.
You climb downwards.
Found a scroll labelled RAOCSU ZANT and a fuming inky potion.
There is a stone staircase leading up here.
You reach to attack!
The helpless kobold fails to defend itself.
You hit the kobold but do no damage.
Natasha hisses angrily.
Natasha stares at you and mumbles some strange words.
The magic dart hits you!
Ouch! That really hurt!
The hobgoblin shouts!
The kobold barely misses you. Natasha casts a spell at you.
The magic dart hits you!
Ouch! That really hurt!
You die...

##### ....#
....#+# .......
.!.g... .......
...#####.......
..h....@.......
.......K...?...
..######.......
....... #######


You could see Natasha, a hobgoblin and a kobold.

Vanquished Creatures
  2 bats (D:1)
  2 endoplasms (D:1)
  A giant cockroach (D:1)
  A hobgoblin (D:1)
  A frilled lizard (D:1)
  2 rats (D:1)
9 creatures vanquished.

Notes
Turn   | Place    | Note
-------+----------+-------------------------------------------
     0 | D:1      | HOAXBANE2 the Spriggan Artificer began the quest for the
                  | Orb.
     0 | D:1      | Reached XP level 1. HP: 9/9 MP: 2/2
   304 | D:1      | Reached skill level 1 in Fighting
   533 | D:1      | Found a faded altar of an unknown god.
   632 | D:1      | Reached XP level 2. HP: 14/14 MP: 3/3
  1059 | D:2      | Noticed Natasha
  1061 | D:2      | Killed from afar by Natasha

Illustrated notes

Levels and vault maps discovered:
D:1:      eino_arrival_druids_welcome, layout_loops_corners,
          chequers_ecumenical_altar_simple, hangedman_decor_clover_reticule
D:2:      kennysheep_the_goblin_king, layout_rooms, supply_closet_lemuel,
          grunt_decor_mini_mirrors, uniq_natasha

Skill      XL: |  1 |
---------------+----+-----
Fighting       | 1 |  1.0
Stealth        | 2 |  2.0
Dodging        | |  3.9
Evocations     | |  4.0

Action                   || total
-------------------------++-------
Melee: Spear             ||    29
       Club              ||    16
 Stab: Sleeping          ||     6
Armor: Robe              ||     5
Dodge: Dodged            ||    24
Block: Buckler           ||    10
